 Dungeon Crawl Stone Soup version 0.13-a0-3104-gb5885e9 (webtiles) character file.

1030 Malachi the Skirmisher (level 7, 0/54 HPs)
             Began as a Mummy Fighter on Sept 19, 2013.
             Was a Follower of Makhleb.
             Slain by a centaur (3 damage)
             ... on Level 6 of the Dungeon.
             The game lasted 00:11:07 (5296 turns).

Malachi the Skirmisher (Mummy Fighter)              Turns: 5296, Time: 00:11:07

HP   0/54        AC  8     Str 21      XL: 7   Next: 68%
MP   6/6         EV  6     Int  7      God: Makhleb [*.....]
Gold 187         SH 17     Dex 11      Spells:  0 memorised,  6 levels left

Res.Fire  : x . .   See Invis. : +   h - +1,+0 flail (crush)
Res.Cold  : + . .   Warding    : .   b - -1 scale mail
Life Prot.: + + +   Conserve   : .   c - -2 shield
Res.Poison: +       Res.Corr.  : .   x - +0 helmet
Res.Elec. : .       Clarity    : .   (no cloak)
Sust.Abil.: . .     Spirit.Shd : .   (no gloves)
Res.Mut.  : .       Stasis     : .   j - +0 pair of boots
Res.Rott. : +       Flight     : .   (no amulet)
Saprovore : . . .                    (no ring)
                                     i - ring of see invisible

@: somewhat resistant to hostile enchantments, extremely unstealthy
A: no food or potions, fire vulnerability, restore body, cold resistance 1, life
protection 3, poison resistance, torment resistance, unbreathing
a: Renounce Religion


You were on level 6 of the Dungeon.
You worshipped Makhleb.
Makhleb was pleased with you.
You were not hungry.

You visited 2 branches of the dungeon, and saw 7 of its levels.

You collected 167 gold pieces.

Inventory:

Hand weapons
 a - a +0,-2 mace
 g - a +1,+1 orcish flail
 h - a +1,+0 flail of crushing (weapon)
Missiles
 o - 24 stones (quivered)
 p - 16 poisoned needles
Armour
 b - a -1 scale mail (worn)
 c - a -2 shield (worn)
 j - a +0 pair of boots (worn)
 x - a +0 helmet (worn)
Magical devices
 q - a wand of polymorph (8)
 s - a wand of teleportation (3)
Scrolls
 d - 5 scrolls of fear
 e - 4 scrolls of recharging
 f - a scroll of teleportation
 k - 2 scrolls of noise {unknown}
 m - a scroll of curse weapon {unknown}
 r - 2 scrolls of enchant armour {unknown}
 t - a scroll of enchant weapon III {unknown}
 u - a scroll of random uselessness {unknown}
 v - a scroll of blinking {unknown}
 y - a scroll of identify
Jewellery
 i - a ring of see invisible (left hand)
 l - an uncursed ring of magical power
 n - an uncursed ring of ice
 w - an uncursed amulet of the gourmand


   Skills:
 + Level 4.4 Fighting
 + Level 3.7 Maces & Flails
 + Level 3.8 Armour
 + Level 3.0 Dodging
 + Level 0.6 Stealth
 + Level 4.2 Shields


You had 6 spell levels left.
You didn't know any spells.

Dungeon Overview and Level Annotations

Branches:
Dungeon (6/27)             Temple (1/1) D:4
    Orc: D:6-11

Altars:
Ashenzari
Cheibriados
Elyvilon
Fedhas
Kikubaaqudgha
Makhleb
Nemelex Xobeh
Okawaru
Sif Muna
Trog
Vehumet
Xom
Yredelemnul
Zin
the Shining One


Innate Abilities, Weirdness & Mutations

You do not eat or drink.
Your flesh is vulnerable to fire.
Your flesh is cold resistant.
You are immune to negative energy.
Your system is resistant to poisons.
You are immune to unholy pain and torment.
You can survive without breathing.


Message History

The giant cockroach barely misses you. The hound bites you but does no damage.
You hit the centaur.
The centaur is moderately wounded.
You block the centaur's attack. The hound bites you but does no damage.
You block the giant cockroach's attack. You block the centaur's attack.
The hound bites you.
* * * LOW HITPOINT WARNING * * *
You barely miss the centaur.
The centaur is moderately wounded.
The centaur hits you but does no damage.
You block the giant cockroach's attack. The hound bites you.
* * * LOW HITPOINT WARNING * * *
The centaur barely misses you. The giant cockroach barely misses you.
You block the hound's attack. The centaur hits you.
* * * LOW HITPOINT WARNING * * *
You barely miss the centaur.
The centaur is moderately wounded.
You block the hound's attack. You block the giant cockroach's attack.
The centaur hits you.
You die...

...# #. ######### #..# #.
#.........#..# #.
#.........#..+ #.
#.?.......#..# #.
#.........#..# #.
#.........#..# #.
#.........#..####+##.
..#..s@c....#..........
...#....h....#..........
....####(######..........
#.......................
#..........#########....
#..........# #....
#..........# #....
#..........# #....
#..........# #....


You could see a centaur, a hound and a giant cockroach.

Vanquished Creatures
  Edmund (D:5)
  An ice beast (D:5)
  A giant frog (D:6)
  A crimson imp (D:5)
  A hound (D:5)
  An orc priest (D:4)
  2 jellies
  A giant frog skeleton (D:6)
  2 orc wizards (D:5)
  2 scorpions
  4 worker ants
  4 adders
  A gnoll (D:2)
  A giant mite (D:3)
  3 worms
  A giant eyeball (D:5)
  An ooze (D:1)
  9 orcs
  13 bats
  A giant cockroach (D:2)
  12 goblins
  7 hobgoblins
  6 jackals
  5 quokkas
  3 ball pythons
  5 giant geckos
  8 giant newts
  A goblin skeleton (D:5)
  A goblin zombie (D:5)
  7 kobolds
  A kobold skeleton (D:4)
  12 rats
119 creatures vanquished.

Notes
Turn   | Place    | Note
--------------------------------------------------------------
     0 | D:1      | Malachi, the Mummy Fighter, began the quest for the Orb.
     0 | D:1      | Reached XP level 1. HP: 18/18 MP: 0/0
   105 | D:1      | Reached XP level 2. HP: 22/24 MP: 1/1
   830 | D:2      | Reached XP level 3. HP: 30/30 MP: 2/2
  1493 | D:3      | Reached XP level 4. HP: 25/36 MP: 3/3
  1682 | D:3      | Reached skill level 1 in Dodging
  2577 | D:4      | Reached XP level 5. HP: 40/42 MP: 4/4
  2638 | D:4      | Found a shattered altar of Ashenzari.
  2860 | D:5      | Entered Level 5 of the Dungeon
  3217 | D:5      | Reached XP level 6. HP: 38/48 MP: 5/5
  3334 | D:5      | Noticed an ice beast
  3344 | D:5      | Killed an ice beast
  3344 | D:5      | Reached skill level 4 in Fighting
  3356 | D:5      | Paralysed by a giant eyeball for 4 turns
  3579 | D:4      | Found a staircase to the Ecumenical Temple.
  3629 | Temple   | Entered the Ecumenical Temple
  3750 | Temple   | Became a worshipper of Makhleb the Destroyer
  4249 | D:5      | Reached XP level 7. HP: 54/54 MP: 6/6
  4383 | D:5      | Noticed Edmund
  4420 | D:5      | Killed Edmund
  4443 | D:5      | Found a glowing golden altar of the Shining One.
  4481 | D:5      | Acquired Makhleb's first power
  5296 | D:6      | Slain by a centaur

Action                   |  1- 3 |  4- 6 |  7- 9 || total
-------------------------+-------+-------+-------++-------
Melee: Mace              |   154 |    22 |     7 ||   183
       Flail             |       |   212 |    88 ||   300
Evoke: Wand              |       |     3 |       ||     3
  Use: Scroll            |     5 |     2 |     3 ||    10
